TOP OF THE 1ST |
---|
Pueblo Prairie Dogs batting - Pitching for Washington DC Hot Sauce : RHP Rubén Guerrero | Pitching: RHP Rubén Guerrero | | Batting: RHB Steve Murphy | 0-0: Foul Ball, location: 2F 0-1: Foul Ball, location: 2F 0-2: Ball 1-2: Ball 2-2: Strikes out swinging | Batting: RHB Jason Fuller | 0-0: Ball 1-0: Foul Ball, location: 2F 1-1: Bunted foul 1-2: Ground out 5-3 (Groundball, 56S) | Batting: RHB Ánibal Barrios | 0-0: Ball 1-0: Ball 2-0: Fly out, F3 (Popup, 23F) | Top of the 1st over - 0 runs, 0 hits, 0 errors, 0 left on base; Pueblo 0 - Washington DC 0 | BOTTOM OF THE 1ST |
---|
Washington DC Hot Sauce batting - Pitching for Pueblo Prairie Dogs : RHP Ángel Morán | Pitching: RHP Ángel Morán | | Batting: RHB Daniel Pineda | 0-0: Ball 1-0: Ball 2-0: Bunted foul 2-1: Ball 3-1: Foul Ball, location: 2F 3-2: Single, Error in OF, E9, batter to second base | Batting: RHB Tim Church | 0-0: Swinging Strike 0-1: Foul Ball, location: 2F 0-2: Ball 1-2: Strikes out swinging | Batting: RHB Kenny Miller | 0-0: Called Strike 0-1: Foul Ball, location: 2F 0-2: Fly out, F9 (Flyball, 9LS) | Batting: RHB Nelson Wright | 0-0: SINGLE (Groundball, 6MD) Daniel Pineda to third Runner from 3rd tries for Home, SAFE, no throw | Batting: RHB José Isla | 0-0: Ball 1-0: Ball 2-0: SINGLE (Groundball, 34D) Nelson Wright to second Runner from 2nd tries for 3rd, SAFE, no throw | Batting: RHB Jesús García | 0-0: SINGLE (Line Drive, 8LS) Nelson Wright scores José Isla to second Runner from 2nd tries for 3rd, SAFE, throw made to third | Batting: SHB Jared Calhoun | 0-0: Ball 1-0: Fly out, F3 (Popup, 34) | Bottom of the 1st over - 2 runs, 4 hits, 1 error, 2 left on base; Pueblo 0 - Washington DC 2 | TOP OF THE 2ND |
---|
Pueblo Prairie Dogs batting - Pitching for Washington DC Hot Sauce : RHP Rubén Guerrero | Batting: RHB Danny Boykins | 0-0: Called Strike 0-1: Foul Ball, location: 2F 0-2: Ball 1-2: Ball 2-2: Strikes out swinging | Batting: RHB Clancy Castro | 0-0: Called Strike 0-1: Foul Ball, location: 2F 0-2: Strikes out swinging | Batting: SHB Jeff Page | 0-0: Ball 1-0: Called Strike 1-1: Fly out, F8 (Flyball, 8RD) | Top of the 2nd over - 0 runs, 0 hits, 0 errors, 0 left on base; Pueblo 0 - Washington DC 2 | BOTTOM OF THE 2ND |
---|
Washington DC Hot Sauce batting - Pitching for Pueblo Prairie Dogs : RHP Ángel Morán | Batting: RHB Eric Adams | 0-0: TRIPLE (Line Drive, 89XD) | Batting: RHB Mark Roy | 0-0: Foul Ball, location: 2F 0-1: Foul Ball, location: 2F 0-2: Strikes out swinging | Batting: RHB Daniel Pineda | 0-0: Ball 1-0: Swinging Strike 1-1: Swinging Strike 1-2: Foul Ball, location: 2F 1-2: Strikes out swinging | Batting: RHB Tim Church | 0-0: Ball 1-0: Ball 2-0: Ball 3-0: Called Strike 3-1: Foul Ball, location: 2F 3-2: Strikes out swinging | Bottom of the 2nd over - 0 runs, 1 hit, 0 errors, 1 left on base; Pueblo 0 - Washington DC 2 | TOP OF THE 3RD |
---|
Pueblo Prairie Dogs batting - Pitching for Washington DC Hot Sauce : RHP Rubén Guerrero | Batting: LHB Jesse Bowen | 0-0: Swinging Strike 0-1: Ball 1-1: Swinging Strike 1-2: Ball 2-2: SINGLE (Line Drive, 3S) | Batting: LHB Ronaldo Trovisqueira | 0-0: Ball 1-0: Called Strike 1-1: Ball 2-1: Swinging Strike 2-2: Foul Ball, location: 2F 2-2: Strikes out looking | Batting: RHB Eric Barthorpe | 0-0: Fly out, F6 (Line Drive, 6) | Batting: RHB Steve Murphy | 0-0: Called Strike 0-1: Foul Ball, location: 2F 0-2: Ball 1-2: Strikes out swinging | Top of the 3rd over - 0 runs, 1 hit, 0 errors, 1 left on base; Pueblo 0 - Washington DC 2 | BOTTOM OF THE 3RD |
---|
Washington DC Hot Sauce batting - Pitching for Pueblo Prairie Dogs : RHP Ángel Morán | Batting: RHB Kenny Miller | 0-0: Ball 1-0: Ball 2-0: Foul Ball, location: 2F 2-1: Foul Ball, location: 2F 2-2: Ball 3-2: Base on Balls | Batting: RHB Nelson Wright | 0-0: Ball 1-0: Fly out, F8 (Flyball, 8LM) | Batting: RHB José Isla | 0-0: Called Strike 0-1: Foul Ball, location: 2F 0-2: Ball 1-2: Ball 2-2: Ball 3-2: Strikes out swinging | Batting: RHB Jesús García | 0-0: Ball 1-0: Foul Ball, location: 2F 1-1: Fly out, F5 (Popup, 56S) | Bottom of the 3rd over - 0 runs, 0 hits, 0 errors, 1 left on base; Pueblo 0 - Washington DC 2 | TOP OF THE 4TH |
---|
Pueblo Prairie Dogs batting - Pitching for Washington DC Hot Sauce : RHP Rubén Guerrero | Batting: RHB Jason Fuller | 0-0: Called Strike 0-1: Swinging Strike 0-2: Ball 1-2: Fly out, F7 (Flyball, 7LD) | Batting: RHB Ánibal Barrios | 0-0: Ball 1-0: Ball 2-0: Fly out, F9 (Flyball, 9) | Batting: RHB Danny Boykins | 0-0: Swinging Strike 0-1: Called Strike 0-2: Ball 1-2: Ground out U3 (Groundball, 34) | Top of the 4th over - 0 runs, 0 hits, 0 errors, 0 left on base; Pueblo 0 - Washington DC 2 | BOTTOM OF THE 4TH |
---|
Washington DC Hot Sauce batting - Pitching for Pueblo Prairie Dogs : RHP Ángel Morán | Batting: SHB Jared Calhoun | 0-0: SINGLE (Line Drive, 4M) | Batting: RHB Eric Adams | 0-0: Called Strike 0-1: Ball 1-1: Called Strike 1-2: Strikes out swinging | Batting: RHB Mark Roy | 0-0: Called Strike 0-1: Foul Ball, location: 2F 0-2: Ground out 5-3 (Groundball, 5S) Jared Calhoun to second | Batting: RHB Daniel Pineda | 0-0: Swinging Strike 0-1: Foul Ball, location: 2F 0-2: Foul Ball, location: 2F 0-2: Ball 1-2: Ball 2-2: Ball 3-2: Foul Ball, location: 2F 3-2: Strikes out looking | Bottom of the 4th over - 0 runs, 1 hit, 0 errors, 1 left on base; Pueblo 0 - Washington DC 2 | TOP OF THE 5TH |
---|
Pueblo Prairie Dogs batting - Pitching for Washington DC Hot Sauce : RHP Rubén Guerrero | Batting: RHB Clancy Castro | 0-0: Called Strike 0-1: Ground out 5-3 (Groundball, 5) | Batting: SHB Jeff Page | 0-0: Ball 1-0: Called Strike 1-1: Ball 2-1: Ball 3-1: SINGLE (Groundball, 4MD) | Batting: LHB Jesse Bowen | 0-0: Ball 1-0: SINGLE (Groundball, 34D) Jeff Page to second Runner from 2nd tries for 3rd, SAFE, no throw | Batting: LHB Ronaldo Trovisqueira | 0-0: Called Strike 0-1: Ball 1-1: Ball 2-1: SINGLE (Line Drive, 4D) Jeff Page scores Jesse Bowen to second Runner from 2nd tries for 3rd, SAFE, no throw | Batting: RHB Eric Barthorpe | 0-0: Called Strike 0-1: Fly out, F8 (Flyball, 8RM) | Batting: RHB Steve Murphy | 0-0: Called Strike 0-1: Called Strike 0-2: Strikes out swinging | Top of the 5th over - 1 run, 3 hits, 0 errors, 2 left on base; Pueblo 1 - Washington DC 2 | BOTTOM OF THE 5TH |
---|
Washington DC Hot Sauce batting - Pitching for Pueblo Prairie Dogs : RHP Ángel Morán | Batting: RHB Tim Church | 0-0: Called Strike 0-1: Ball 1-1: Foul Ball, location: 2F 1-2: Foul Ball, location: 2F 1-2: Ball 2-2: Ball 3-2: Foul Ball, location: 2F 3-2: Foul Ball, location: 2F 3-2: Ground out 6-3 (Groundball, 6) | Batting: RHB Kenny Miller | 0-0: Ball 1-0: Ball 2-0: Ball 3-0: Called Strike 3-1: Called Strike 3-2: Fly out, F9 (Flyball, 9LS) | Batting: RHB Nelson Wright | 0-0: Ball 1-0: Ball 2-0: Called Strike 2-1: Ball 3-1: Ground out 1-3 (Groundball, P) | Bottom of the 5th over - 0 runs, 0 hits, 0 errors, 0 left on base; Pueblo 1 - Washington DC 2 | TOP OF THE 6TH |
---|
Pueblo Prairie Dogs batting - Pitching for Washington DC Hot Sauce : RHP Rubén Guerrero | Batting: RHB Jason Fuller | 0-0: Ball 1-0: Ball 2-0: Swinging Strike 2-1: Ball 3-1: SINGLE (Groundball, 6MD) | Batting: RHB Ánibal Barrios | 0-0: Called Strike 0-1: Ball 1-1: Swinging Strike 1-2: Ball 2-2: Ball 3-2: Strikes out swinging | Batting: RHB Danny Boykins | 0-0: Ball 1-0: Ball 2-0: Ball 3-0: Called Strike 3-1: Fly out, F6 (Popup, 56) | Batting: RHB Clancy Castro | 0-0: Ball 1-0: Ball 2-0: Fielders Choice at 2nd, 6-4 (Groundball, 6) | Top of the 6th over - 0 runs, 1 hit, 0 errors, 1 left on base; Pueblo 1 - Washington DC 2 | BOTTOM OF THE 6TH |
---|
Washington DC Hot Sauce batting - Pitching for Pueblo Prairie Dogs : RHP Ángel Morán | Batting: RHB José Isla | 0-0: Called Strike 0-1: Swinging Strike 0-2: Ball 1-2: Ball 2-2: Ground out 6-3 (Groundball, 6) | Batting: RHB Jesús García | 0-0: Ball 1-0: Fly out, F8 (Flyball, 8LD) | Batting: SHB Jared Calhoun | 0-0: Ball 1-0: Ball 2-0: Ground out 4-3 (Groundball, 4) | Bottom of the 6th over - 0 runs, 0 hits, 0 errors, 0 left on base; Pueblo 1 - Washington DC 2 | TOP OF THE 7TH |
---|
Pueblo Prairie Dogs batting - Pitching for Washington DC Hot Sauce : RHP Rubén Guerrero | Batting: SHB Jeff Page | 0-0: Ball 1-0: Ball 2-0: Ball 3-0: Called Strike 3-1: Base on Balls | Pitching: LHP Brett French | | Batting: LHB Jesse Bowen | 0-0: Called Strike 0-1: Called Strike 0-2: Strikes out looking | Batting: LHB Ronaldo Trovisqueira | 0-0: Called Strike 0-1: Swinging Strike 0-2: Fly out, F4 (Line Drive, 34) | Batting: RHB Eric Barthorpe | 0-0: Foul Ball, location: 2F 0-1: Ball 1-1: Ball 2-1: Foul Ball, location: 2F 2-2: Ball 3-2: Strikes out swinging, 2-3 out at first. | Top of the 7th over - 0 runs, 0 hits, 0 errors, 1 left on base; Pueblo 1 - Washington DC 2 | BOTTOM OF THE 7TH |
---|
Washington DC Hot Sauce batting - Pitching for Pueblo Prairie Dogs : RHP Ángel Morán | Pitching: RHP Jamie Arce | | Batting: RHB Eric Adams | 0-0: Foul Ball, location: 2F 0-1: Ball 1-1: Ball 2-1: Foul Ball, location: 2F 2-2: DOUBLE (Line Drive, 7) | Batting: RHB Mark Roy | 0-0: Intentional Walk | Pinch Hitting: RHB George Pierce | 0-0: Called Strike 0-1: Bunted foul 0-2: Ball 1-2: Fielders Choice at 2nd, 6-4 (Groundball, 6) Eric Adams to third | Batting: RHB Tim Church | 0-0: Called Strike 0-1: Ball 1-1: Swinging Strike 1-2: Strikes out swinging | Batting: RHB Kenny Miller | 0-0: Called Strike 0-1: Called Strike 0-2: Ground out U3 (Groundball, 3) | Bottom of the 7th over - 0 runs, 1 hit, 0 errors, 2 left on base; Pueblo 1 - Washington DC 2 | TOP OF THE 8TH |
---|
Pueblo Prairie Dogs batting - Pitching for Washington DC Hot Sauce : LHP Brett French | Now at 1B: Larry O'Sheill | | Now at 3B: George Pierce | | Batting: RHB Steve Murphy | 0-0: Swinging Strike 0-1: Foul Ball, location: 2F 0-2: Strikes out swinging | Batting: RHB Jason Fuller | 0-0: Ball 1-0: Called Strike 1-1: Foul Ball, location: 2F 1-2: Fly out, F7 (Flyball, 7S) | Batting: RHB Ánibal Barrios | 0-0: Ball 1-0: Ball 2-0: Foul Ball, location: 2F 2-1: Called Strike 2-2: Strikes out swinging | Top of the 8th over - 0 runs, 0 hits, 0 errors, 0 left on base; Pueblo 1 - Washington DC 2 | BOTTOM OF THE 8TH |
---|
Washington DC Hot Sauce batting - Pitching for Pueblo Prairie Dogs : RHP Jamie Arce | Batting: RHB Nelson Wright | 0-0: Ball 1-0: Hit by Pitch | Batting: RHB José Isla | 0-0: Ball 1-0: Ball 2-0: Fly out, F8 (Flyball, 8RM) | Batting: RHB Jesús García | 0-0: Ball 1-0: Swinging Strike 1-1: Called Strike 1-2: Strikes out looking | Pinch Hitting: RHB Martín Flores | 0-0: Ball 1-0: Ball 2-0: Ball 3-0: Called Strike 3-1: Base on Balls Nelson Wright to second | Pinch Hitting: SHB Jesús Miranda | 0-0: Ball 1-0: Swinging Strike 1-1: Ball 2-1: Swinging Strike 2-2: Strikes out swinging, 2-3 out at first. | Bottom of the 8th over - 0 runs, 0 hits, 0 errors, 2 left on base; Pueblo 1 - Washington DC 2 | TOP OF THE 9TH |
---|
Pueblo Prairie Dogs batting - Pitching for Washington DC Hot Sauce : LHP Brett French | Pitching: LHP José Martínez | | Now in LF: Myron Reynolds | | Now in CF: Gus Price | | Batting: RHB Danny Boykins | 0-0: Called Strike 0-1: Called Strike 0-2: Fly out, F8 (Flyball, 8LXD) | Batting: RHB Clancy Castro | 0-0: Called Strike 0-1: SINGLE (Line Drive, 89M) | Pinch Runner at 1st Dan Crowder: | | Batting: SHB Jeff Page | 0-0: Ball 1-0: Fly out, F4 (Line Drive, 4) | Batting: LHB Jesse Bowen | 0-0: Ball Pickoff Throw by Catcher to First - Out! | Top of the 9th over - 0 runs, 1 hit, 0 errors, 0 left on base; Pueblo 1 - Washington DC 2 | |